 Dungeon Crawl Stone Soup version 0.26.1-2-gb8aa6d0cf2 (webtiles) character file.

Game seed: 11602489837153815532

42 Goblin1989 the Sneak (level 3, -1/29 HPs)
             Began as a Demonspawn Delver on Feb 16, 2021.
             Slain by an ice beast (2 damage)
             ... on level 5 of the Dungeon.
             The game lasted 00:00:57 (316 turns).

Goblin1989 the Sneak (Demonspawn Delver)             Turns: 316, Time: 00:00:58

Health: -1/29      AC:  3    Str: 13    XL:     3   Next: 33%
Magic:  0/3        EV: 12    Int: 11    God:
Gold:   0          SH:  0    Dex: 14    Spells: 2/2 levels left

rFire    . . .     SeeInvis .   N - +0 flail
rCold    . . .     Faith    .   (no shield)
rNeg     . . .     Spirit   +   b - +0 leather armour
rPois    .         Reflect  .   (no helmet)
rElec    .         Harm     .   (no cloak)
rCorr    .         Rampage  .   (no gloves)
Will     .....                  (no boots)
Stlth    ++........             (no amulet)
HPRegen  0.09/turn              (no ring)
MPRegen  0.08/turn              (no ring)

@: no status effects
A: magic shield
a: no special abilities


You were on level 5 of the Dungeon.
You visited 1 branch of the dungeon, and saw 1 of its levels.

Inventory:

Hand Weapons
 a - a +0 mace
 N - a +0 flail (weapon)
Armour
 b - a +0 leather armour (worn)
Wands
 g - a wand of digging (3) {@v1}
Scrolls
 c - a scroll of fog
 e - a scroll of fear
 M - a scroll of magic mapping
Potions
 f - a potion of haste {@q3,}


   Skills:
 - Level 3.0 Fighting
 + Level 3.4 Maces & Flails
 - Level 1.7 Dodging
 - Level 4.5 Stealth


You had 2 spell levels left.
You didn't know any spells.
Your spell library was empty.

Dungeon Overview and Level Annotations

Branches:
Dungeon (5/15)
 Temple: D:4-7

Altars:

Annotations:
D:5 Grinder


Innate Abilities, Weirdness & Mutations

When hurt, damage is shared between your health and your magic reserves.


Message History

You hit the iguana.
You kill the iguana!
Your Maces & Flails skill increases to level 3!
You have reached level 2!
Your demonic ancestry asserts itself...
You feel your magical essence form a protective shroud around your flesh.
MP restored: 2 Unknown command.
There is an open door, spattered with blood here.
Things that are here:
a +0 flail; an iguana corpse; an orc corpse
N - a +0 flail
N - a +0 flail (weapon)
You start resting.
A hound skeleton comes into view.
You regained 16 hp, and now have 19/24 hp.
The hound skeleton barely misses you.
You hit the hound skeleton.
The hound skeleton is lightly damaged.
The hound skeleton closely misses you. The hound skeleton misses you.
Your leather armour prevents you from hitting the hound skeleton.
The hound skeleton is lightly damaged.
The hound skeleton closely misses you.
You hit the hound skeleton.
The hound skeleton is moderately damaged.
The hound skeleton misses you. The hound skeleton barely misses you.
You barely miss the hound skeleton.
The hound skeleton is moderately damaged.
The hound skeleton bites you.
The hound skeleton completely misses you.
You take 1 damage, and have 19/24 hp.
You hit the hound skeleton but do no damage.
The hound skeleton is moderately damaged.
The hound skeleton closely misses you.
You hit the hound skeleton.
The hound skeleton is heavily damaged.
The hound skeleton misses you. The hound skeleton bites you.
You take 1 damage, and have 18/24 hp.
You now have 1/2 mp.
You hit the hound skeleton.
The hound skeleton is severely damaged.
The hound skeleton closely misses you. The hound skeleton bites you.
You take 2 damage, and have 16/24 hp.
You now have 0/2 mp.
You barely miss the hound skeleton.
The hound skeleton is severely damaged.
The hound skeleton barely misses you.
You hit the hound skeleton.
The hound skeleton is almost destroyed.
The hound skeleton bites you.
The hound skeleton bites you but does no damage.
You take 1 damage, and have 15/24 hp.
You completely miss the hound skeleton.
The hound skeleton is almost destroyed.
The hound skeleton misses you.
You barely miss the hound skeleton.
The hound skeleton is almost destroyed.
The hound skeleton bites you but does no damage.
The hound skeleton barely misses you.
You hit the hound skeleton.
The hound skeleton is almost destroyed.
The hound skeleton bites you.
You take 1 damage, and have 15/24 hp.
You hit the hound skeleton.
You destroy the hound skeleton!
You have reached level 3!
Your experience leads to an increase in your attributes!
Increase (s)trength, (i)ntelligence, or (d)exterity?
You feel stronger.
You regained 3 hp, and now have 18/29 hp.
You start resting.
Magic restored.
An ice beast comes into view.
You regained 4 hp, and now have 22/29 hp.
MP restored: 3 Grinder comes into view.
The ice beast barely misses you.
An orc warrior comes into view. It is wielding a +0 war axe.
The orc warrior shouts!
You hear a shout!
An orc wizard comes into view. It is wielding a +0 dagger.
You hear a shout!
You hit the ice beast but do no damage. The ice beast barely misses you.
You barely miss the ice beast. The ice beast barely misses you. x2
You sock the ice beast!
The ice beast is moderately wounded.
The ice beast closely misses you.
You hit the ice beast.
The ice beast is heavily wounded.
The ice beast hits you. The ice beast freezes you!
You take 8 damage, and have 16/29 hp.
MASSIVE DAMAGE!!
You now have 1/3 mp.
You hit the ice beast.
The ice beast is severely wounded.
The ice beast hits you.
* * * LOW HITPOINT WARNING * * *
The ice beast freezes you!
* * * LOW HITPOINT WARNING * * *
You take 15 damage, and have 1/29 hp.
MASSIVE DAMAGE!!
You now have 0/3 mp.
You closely miss the ice beast.
The ice beast is severely wounded.
A worker ant comes into view.
The ice beast hits you.
You die... .. . .█. █.█. .oo

█.█ B██.███████o█
.......@Yo..█
█.....████..█
██... █..█ ██.█
█..█ █.█ ██..█ .
▲█.█▲ ██...█
...███...███....█
.......8.......>█
.Y███...███....█


You could see an orc warrior, an ice beast, a worker ant (wandering) and an orc
wizard.

Vanquished Creatures
  An iguana (D:5)
  A hound skeleton (D:5)
  An orc (D:5)
3 creatures vanquished.

Notes
Turn   | Place    | Note
-------+----------+-------------------------------------------
     0 | D:5      | Goblin1989 the Demonspawn Delver began the quest for the
                  | Orb.
     0 | D:5      | Reached XP level 1. HP: 18/18 MP: 1/1
     9 | D:5      | Noticed an iguana
    19 | D:5      | Killed an iguana
    20 | D:5      | Gained mutation: When hurt, damage is shared between your
                  | health and your magic reserves. [demonic ancestry]
    20 | D:5      | Reached XP level 2. HP: 3/24 MP: 2/2
   245 | D:5      | Reached XP level 3. HP: 18/29 MP: 0/3
   286 | D:5      | Noticed an ice beast
   295 | D:5      | Noticed Grinder
   305 | D:5      | Noticed an orc warrior
   315 | D:5      | HP: 1/29 [ice beast (12)]
   316 | D:5      | Slain by an ice beast

Illustrated notes

Levels and vault maps discovered:
D:5:      cheibrodos_barr_body, layout_loops_ring, basic_altar, uniq_grinder

Skill      XL: |  1 |
---------------+----+-----
Maces & Flails | 3 |  3.4
Fighting       | |  3.0
Dodging        | |  1.7
Stealth        | |  4.5

Action                   || total
-------------------------++-------
Melee: Mace              ||     9
       Flail             ||    19
Armor: Leather armour    ||     3
Dodge: Dodged            ||    23
